UNITED STATES PREMIER LEAGUE
BOSTON PATRIOTS VS SAN DIEGO SEA TURTLES
06/20/2014
 
TOP OF THE 1ST
San Diego Sea Turtles batting - Pitching for Boston Patriots : RHP Alf Näsbom
Pitching: RHP Alf Näsbom
Batting: SHB Mustapha Gonzales 0-0: Called Strike
0-1: Ball
1-1: Foul Ball, location: 2F
1-2: Ball
2-2: Strikes out swinging
Batting: RHB Henry Potts 0-0: Called Strike
0-1: Ball
1-1: Called Strike
1-2: Ball
2-2: SINGLE (Line Drive, 89S)
Batting: RHB Vicente Díaz 0-0: Ball
1-0: Grounds into double play, U6-3 (Groundball, 6M)
Top of the 1st over - 0 run(s), 1 hit(s), 0 error(s), 1 left on base; San Diego 0 - Boston 0
BOTTOM OF THE 1ST
Boston Patriots batting - Pitching for San Diego Sea Turtles : RHP Luis Morales
Pitching: RHP Luis Morales
Batting: RHB Rich Norman 0-0: Ball
1-0: Ball
2-0: SINGLE (Groundball, 6M) (infield hit)
Batting: RHB Ben Ross 0-0: Swinging Strike
0-1: Ground out 4-3 (Groundball, 4MS)
Rich Norman to second
Batting: LHB Michael Greene 0-0: Ball
1-0: Ball
2-0: Ball
3-0: Called Strike
3-1: Called Strike
3-2: Base on Balls
Batting: RHB Manuel Villarreal 0-0: Called Strike
0-1: Ball
1-1: Foul Ball, location: 2F
1-2: Foul Ball, location: 2F
1-2: Ball
2-2: Fly out, F9 (Flyball, 89M)
Batting: LHB George Valentine 0-0: Called Strike
0-1: Ball
1-1: Called Strike
1-2: SINGLE (Line Drive, 4)
Rich Norman to third
Michael Greene to second
Batting: RHB José Rodríguez 0-0: Swinging Strike
0-1: Ball
1-1: Ball
2-1: DOUBLE (Line Drive, 8RXD)
Rich Norman scores
Michael Greene scores
George Valentine to third
Runner from 3rd tries for Home, SAFE, no throw or cutoff
Batting: RHB Carlos Vera 0-0: Ball
1-0: SINGLE (Flyball, 8LS)
José Rodríguez to third
Batting: LHB Paul Smith 0-0: Called Strike
0-1: Called Strike
0-2: Fly out, F7 (Flyball, 7M)
Bottom of the 1st over - 3 run(s), 4 hit(s), 0 error(s), 2 left on base; San Diego 0 - Boston 3
TOP OF THE 2ND
San Diego Sea Turtles batting - Pitching for Boston Patriots : RHP Alf Näsbom
Batting: LHB James Murray 0-0: Called Strike
0-1: Foul Ball, location: 2F
0-2: Foul Ball, location: 2F
0-2: SINGLE (Line Drive, 4D)
Batting: LHB Leonardo López 0-0: Ball
1-0: Fly out, F8 (Line Drive, 8RM)
Batting: SHB Robert Shelby 0-0: Ball
James Murray is caught stealing 2nd base
1-0: Foul Ball, location: 2F
1-1: Ball
2-1: Ball
3-1: Base on Balls
Batting: SHB Jeffrey Barker 0-0: Ball
1-0: Foul Ball, location: 2F
1-1: Fly out, F5 (Popup, 5F)
Top of the 2nd over - 0 run(s), 1 hit(s), 0 error(s), 1 left on base; San Diego 0 - Boston 3
BOTTOM OF THE 2ND
Boston Patriots batting - Pitching for San Diego Sea Turtles : RHP Luis Morales
Batting: RHB Alf Näsbom 0-0: Ground out 5-3 (Groundball, 56)
Batting: RHB Rich Norman 0-0: Foul Ball, location: 2F
0-1: Ball
1-1: Ground out 6-3 (Groundball, 6M)
Batting: RHB Ben Ross 0-0: Fly out, F9 (Flyball, 9S)
Bottom of the 2nd over - 0 run(s), 0 hit(s), 0 error(s), 0 left on base; San Diego 0 - Boston 3
TOP OF THE 3RD
San Diego Sea Turtles batting - Pitching for Boston Patriots : RHP Alf Näsbom
Batting: LHB Chris Henry 0-0: Fly out, F5 (Popup, 15)
Batting: RHB Luis Morales 0-0: Hit by Pitch
Batting: SHB Mustapha Gonzales 0-0: Ball
1-0: Called Strike
1-1: Ball
2-1: SINGLE (Groundball, 34D) (infield hit)
Luis Morales to second
Batting: RHB Henry Potts 0-0: Called Strike
0-1: Fly out, F8 (Flyball, 89S)
Batting: RHB Vicente Díaz 0-0: Ball
1-0: Foul Ball, location: 2F
1-1: Ball
2-1: Ground out 5-3 (Groundball, 56)
Top of the 3rd over - 0 run(s), 1 hit(s), 0 error(s), 2 left on base; San Diego 0 - Boston 3
BOTTOM OF THE 3RD
Boston Patriots batting - Pitching for San Diego Sea Turtles : RHP Luis Morales
Batting: LHB Michael Greene 0-0: Ball
1-0: Foul Ball, location: 2F
1-1: Ball
2-1: Ground out 4-3 (Groundball, 4)
Batting: RHB Manuel Villarreal 0-0: Ball
1-0: Foul Ball, location: 2F
1-1: Ball
2-1: Ball
3-1: Foul Ball, location: 2F
3-2: Base on Balls
Batting: LHB George Valentine 0-0: Called Strike
Manuel Villarreal is caught stealing 2nd base
0-1: Called Strike
0-2: Ball
1-2: Ball
2-2: Fly out, F7 (Flyball, 7M)
Bottom of the 3rd over - 0 run(s), 0 hit(s), 0 error(s), 0 left on base; San Diego 0 - Boston 3
TOP OF THE 4TH
San Diego Sea Turtles batting - Pitching for Boston Patriots : RHP Alf Näsbom
Batting: LHB James Murray 0-0: Ball
1-0: Called Strike
1-1: Ball
2-1: Ground out 4-3 (Groundball, 4)
Batting: LHB Leonardo López 0-0: Ground out 6-3 (Groundball, 6)
Batting: SHB Robert Shelby 0-0: Foul Ball, location: 2F
0-1: Ball
1-1: Ball
2-1: Foul Ball, location: 2F
2-2: Ball
3-2: Base on Balls
Batting: SHB Jeffrey Barker 0-0: Ball
1-0: Ball
2-0: Swinging Strike
2-1: Fielders Choice at 2nd, U4 (Groundball, 4M)
Top of the 4th over - 0 run(s), 0 hit(s), 0 error(s), 1 left on base; San Diego 0 - Boston 3
BOTTOM OF THE 4TH
Boston Patriots batting - Pitching for San Diego Sea Turtles : RHP Luis Morales
Batting: RHB José Rodríguez 0-0: Called Strike
0-1: Ball
1-1: Ball
2-1: Ball
3-1: Base on Balls
Batting: RHB Carlos Vera 0-0: Ball
1-0: Fly out, F8 (Flyball, 8LM)
Batting: LHB Paul Smith 0-0: Fly out, F7 (Flyball, 78M)
Batting: RHB Alf Näsbom 0-0: Ball
1-0: Foul Ball, location: 2F
1-1: Called Strike
1-2: Ball
2-2: Ball
3-2: Ground out 4-3 (Groundball, 4)
Bottom of the 4th over - 0 run(s), 0 hit(s), 0 error(s), 1 left on base; San Diego 0 - Boston 3
TOP OF THE 5TH
San Diego Sea Turtles batting - Pitching for Boston Patriots : RHP Alf Näsbom
Batting: LHB Chris Henry 0-0: Ball
1-0: Ball
2-0: Called Strike
2-1: Called Strike
2-2: Ball
3-2: Foul Ball, location: 2F
3-2: Strikes out swinging
Batting: RHB Luis Morales 0-0: Ball
1-0: SINGLE (Groundball, 15S) (infield hit)
Batting: SHB Mustapha Gonzales 0-0: Called Strike
0-1: Ball
1-1: Foul Ball, location: 2F
1-2: Foul Ball, location: 2F
1-2: Fly out, F7 (Flyball, 7M)
Batting: RHB Henry Potts 0-0: Foul Ball, location: 2F
0-1: SINGLE (Groundball, 4S)
Luis Morales to second
Runner from 2nd tries for 3rd, OUT!
Top of the 5th over - 0 run(s), 2 hit(s), 0 error(s), 1 left on base; San Diego 0 - Boston 3
BOTTOM OF THE 5TH
Boston Patriots batting - Pitching for San Diego Sea Turtles : RHP Luis Morales
Batting: RHB Rich Norman 0-0: Swinging Strike
0-1: Foul Ball, location: 2F
0-2: Ball
1-2: Ball
2-2: Ball
3-2: Fly out, F8 (Flyball, 8RS)
Batting: RHB Ben Ross 0-0: Ball
1-0: Ball
2-0: Ball
3-0: Base on Balls
Batting: LHB Michael Greene 0-0: Ball
1-0: SINGLE (Line Drive, 5L)
Ben Ross to second
Batting: RHB Manuel Villarreal 0-0: Ball
1-0: Ball
Wild Pitch!
Ben Ross to third
Michael Greene to second
2-0: Foul Ball, location: 2F
2-1: Ball
3-1: Foul Ball, location: 2F
3-2: Base on Balls
Batting: LHB George Valentine 0-0: Ball
1-0: Called Strike
1-1: Fly out, F7 (Flyball, 7D)
Runner from 3rd tags up, SCORES, no throw
Batting: RHB José Rodríguez 0-0: Foul Ball, location: 2F
0-1: Called Strike
0-2: Ball
1-2: Ball
2-2: Ball
3-2: Foul Ball, location: 2F
3-2: Foul Ball, location: 2F
3-2: Foul Ball, location: 2F
3-2: Base on Balls
Michael Greene to third
Manuel Villarreal to second
Batting: RHB Carlos Vera 0-0: Called Strike
0-1: Swinging Strike
0-2: Ball
1-2: DOUBLE (Line Drive, 89M)
Michael Greene scores
Manuel Villarreal scores
José Rodríguez to third
Batting: LHB Paul Smith 0-0: Intentional Walk
Pitching: RHP Jorge Fernández
Batting: RHB Alf Näsbom 0-0: Called Strike
0-1: Ball
1-1: Called Strike
1-2: Strikes out looking
Bottom of the 5th over - 3 run(s), 2 hit(s), 0 error(s), 3 left on base; San Diego 0 - Boston 6
TOP OF THE 6TH
San Diego Sea Turtles batting - Pitching for Boston Patriots : RHP Alf Näsbom
Batting: RHB Vicente Díaz 0-0: Ball
1-0: Foul Ball, location: 2F
1-1: Ball
2-1: Fly out, F4 (Line Drive, 4)
Batting: LHB James Murray 0-0: Ball
1-0: Ball
2-0: Ball
3-0: Base on Balls
Batting: LHB Leonardo López 0-0: Fly out, F7 (Line Drive, 7M)
Batting: SHB Robert Shelby 0-0: Called Strike
0-1: Ball
1-1: Fly out, F5 (Line Drive, 5L)
Top of the 6th over - 0 run(s), 0 hit(s), 0 error(s), 1 left on base; San Diego 0 - Boston 6
BOTTOM OF THE 6TH
Boston Patriots batting - Pitching for San Diego Sea Turtles : RHP Jorge Fernández
Batting: RHB Rich Norman 0-0: Called Strike
0-1: Ball
1-1: Swinging Strike
1-2: Ball
2-2: Foul Ball, location: 2F
2-2: DOUBLE (Line Drive, 7LM)
Batting: RHB Ben Ross 0-0: Called Strike
0-1: SINGLE (Groundball, 34)
Rich Norman to third
Runner from 3rd tries for Home, SAFE, throw made home
Batting: LHB Michael Greene 0-0: Called Strike
0-1: Ball
1-1: Ball
2-1: Ball
3-1: Base on Balls
Ben Ross to second
Batting: RHB Manuel Villarreal 0-0: Called Strike
0-1: Fielders Choice at 2nd, 6-4 (Groundball, 6)
Ben Ross to third
Batting: LHB George Valentine 0-0: Ball
1-0: Ball
2-0: Called Strike
2-1: Ball
3-1: Base on Balls
Manuel Villarreal to second
Batting: RHB José Rodríguez 0-0: Called Strike
0-1: Foul Ball, location: 2F
0-2: Grounds into double play, 6-4-3 (Groundball, 6)
Bottom of the 6th over - 1 run(s), 2 hit(s), 0 error(s), 3 left on base; San Diego 0 - Boston 7
TOP OF THE 7TH
San Diego Sea Turtles batting - Pitching for Boston Patriots : RHP Alf Näsbom
Batting: SHB Jeffrey Barker 0-0: Foul Ball, location: 2F
0-1: Ball
1-1: Foul Ball, location: 2F
1-2: Ball
2-2: Foul Ball, location: 2F
2-2: Ground out U3 (Groundball, 3)
Batting: LHB Chris Henry 0-0: Ball
1-0: Ball
2-0: TRIPLE (Flyball, 78XD)
Pinch Hitting: LHB Fred Riley 0-0: Ground out U3 (Groundball, 3S)
Batting: SHB Mustapha Gonzales 0-0: Foul Ball, location: 2F
0-1: Foul Ball, location: 2F
0-2: Foul Ball, location: 2F
0-2: Fly out, F8 (Flyball, 8LD)
Top of the 7th over - 0 run(s), 1 hit(s), 0 error(s), 1 left on base; San Diego 0 - Boston 7
BOTTOM OF THE 7TH
Boston Patriots batting - Pitching for San Diego Sea Turtles : RHP Jorge Fernández
Pitching: RHP Mike Estes
Batting: RHB Carlos Vera 0-0: Fly out, F3 (Popup, 3F)
Batting: LHB Paul Smith 0-0: Ball
1-0: SINGLE (Groundball, 6M)
Pinch Hitting: RHB José Anaya 0-0: Ball
1-0: Foul Ball, location: 2F
1-1: Ball
2-1: Ball
3-1: Called Strike
3-2: Foul Ball, location: 2F
3-2: Foul Ball, location: 2F
3-2: Foul Ball, location: 2F
3-2: SINGLE (Groundball, 56D)
Paul Smith to second
Batting: RHB Rich Norman 0-0: SINGLE (Flyball, 8LS)
Paul Smith to third
José Anaya to second
Batting: RHB Ben Ross 0-0: Ball
1-0: Foul Ball, location: 2F
1-1: SINGLE (Groundball, 34)
Paul Smith scores
José Anaya to third
Rich Norman to second
Runner from 3rd tries for Home, SAFE, throw made home
Batting: LHB Michael Greene 0-0: Fielders Choice at 2nd, U4 (Groundball, 4)
Rich Norman to third
Batting: RHB Manuel Villarreal 0-0: Ball
1-0: Fly out, F6 (Popup, 6D)
Bottom of the 7th over - 2 run(s), 4 hit(s), 0 error(s), 2 left on base; San Diego 0 - Boston 9
TOP OF THE 8TH
San Diego Sea Turtles batting - Pitching for Boston Patriots : RHP Alf Näsbom
Pitching: RHP Edgardo Marín
Batting: RHB Henry Potts 0-0: Foul Ball, location: 2F
0-1: Ball
1-1: Ball
2-1: Swinging Strike
2-2: Strikes out looking
Batting: RHB Vicente Díaz 0-0: Called Strike
0-1: Ball
1-1: SOLO HOME RUN (Flyball, 7D), Distance : 419 ft
Batting: LHB James Murray 0-0: Foul Ball, location: 2F
0-1: Ball
1-1: Ground out 4-3 (Groundball, 4)
Batting: LHB Leonardo López 0-0: Ball
1-0: Foul Ball, location: 2F
1-1: Ball
2-1: Ball
3-1: Ground out 4-3 (Groundball, 4MS)
Top of the 8th over - 1 run(s), 1 hit(s), 0 error(s), 0 left on base; San Diego 1 - Boston 9
BOTTOM OF THE 8TH
Boston Patriots batting - Pitching for San Diego Sea Turtles : RHP Mike Estes
Batting: LHB George Valentine 0-0: Ball
1-0: Ball
2-0: Ball
3-0: Called Strike
3-1: Called Strike
3-2: Ground out 4-3 (Groundball, 4)
Batting: RHB José Rodríguez 0-0: Ball
1-0: Fly out, F9 (Line Drive, 89S)
Pinch Hitting: RHB Austin Henderson 0-0: Ball
1-0: Called Strike
1-1: Foul Ball, location: 2F
1-2: Foul Ball, location: 2F
1-2: Ball
2-2: Ball
3-2: Reached on error, E4 (Groundball, 4)
Batting: LHB Paul Smith 0-0: Ball
1-0: Reached on error, E3 (Groundball, 3)
Austin Henderson to second
Pinch Hitting: RHB Kyle Taylor 0-0: Ball
1-0: Ball
2-0: Ball
3-0: Called Strike
3-1: Ground out 5-3 (Groundball, 56)
Bottom of the 8th over - 0 run(s), 0 hit(s), 2 error(s), 2 left on base; San Diego 1 - Boston 9
TOP OF THE 9TH
San Diego Sea Turtles batting - Pitching for Boston Patriots : RHP Edgardo Marín
Pitching: LHP Mike Terry
Now at SS: Austin Henderson
Batting: SHB Robert Shelby 0-0: Called Strike
0-1: Ball
1-1: Ball
2-1: Ground out 5-3 (Groundball, 56)
Batting: SHB Jeffrey Barker 0-0: Swinging Strike
0-1: Ball
1-1: Ball
2-1: SINGLE (Line Drive, 7S)
Batting: LHB Chris Henry 0-0: Foul Ball, location: 2F
0-1: Ball
1-1: Grounds into double play, U4-3 (Groundball, 4)
Top of the 9th over - 0 run(s), 1 hit(s), 0 error(s), 1 left on base; San Diego 1 - Boston 9
This league is powered by Out of the Park Baseball, the baseball management simulation game for PC, Mac and Linux
Thursday, April 24th, 2014 - OOTP Baseball 14.6 Build 33